Map: Deathaura LE

Players

MCanning - Winner!

  • Race: Protoss Protoss
  • Spawn Location: 5:00

Cuddlebear

  • Race: Terran Terran
  • League: Master
  • Spawn Location: 11:00

Event: DreamHack SC2 Masters 2020 Fall

VOD

Have the link to the VOD?

Description

Time

  • Played on: Sept. 2, 2020, 3:52 p.m.
  • Length: 13:44

All games in this series

Show
View Real Time Build Order
Export as new Build Order

MCanning Protoss - Winner!

Build Orders: 1 Gate Expand, Phoenix Opening 

Get SALT Encoding   

  12  0:00  Probe  
  13  0:12  Probe  
  14  0:17  Pylon  
  14  0:24  Probe  
  15  0:35  Gateway  
  15  0:38  Probe (Chrono Boost)  
  16  0:47  Probe (Chrono Boost), Assimilator  
  17  0:52  Probe  
  18  1:04  Probe  
  19  1:16  Probe  
  19  1:18  Unknown  
  20  1:19  Unknown x2  
  20  1:25  Nexus  
  20  1:33  Cybernetics Core  
  20  1:37  Probe  
  21  1:44  Pylon  
  21  1:49  Probe  
  22  1:55  Assimilator  
  22  2:01  Probe  
  22  2:06  Adept (Chrono Boost)  
  23  2:13  Probe  
  26  2:25  Probe  
  26  2:27  Stargate  
  26  2:33  Stalker (Chrono Boost)  
  28  2:38  Probe  
  28  2:39  Probe  
  30  2:44  Warp Gate  
  30  2:50  Probe  
  31  2:51  Probe  
  31  3:02  Probe  
  31  3:03  Probe (Chrono Boost)  
  33  3:10  Phoenix (Chrono Boost)  
  35  3:15  Probe (Chrono Boost)  
  37  3:20  Probe (Chrono Boost)  
  37  3:24  Probe (Chrono Boost)  
  37  3:26  Phoenix (Chrono Boost)  
  39  3:27  Probe (Chrono Boost)  
  39  3:30  Probe  
  42  3:38  Probe, Gateway  
  42  3:40  Gateway  
  44  3:50  Probe  
  44  3:51  Pylon, Phoenix (Chrono Boost)  
  46  4:00  Pylon  
  46  4:07  Assimilator  
  46  4:09  Probe x2  
  48  4:12  Robotics Facility  
  48  4:15  Phoenix (Chrono Boost)  
  50  4:21  Probe x2  
  50  4:23  Assimilator  
  52  4:33  Probe x2, Pylon  
  52  4:34  Stalker  
  56  4:41  Sentry  
  58  4:46  Probe x2  
  60  4:56  Pylon  
  60  4:58  Probe x2, Forge  
  62  5:02  Observer (Chrono Boost)  
  63  5:10  Probe x2  
  65  5:15  Robotics Bay  
  65  5:17  Observer  
  66  5:22  Probe x2  
  68  5:34  Probe x2  
  68  5:35  Nexus  
  70  5:36  Pylon  
  70  5:39  Stalker x2  
  72  5:46  Probe x2  
  72  5:53  Sentry, Protoss Ground Weapons Level 1  
  74  5:58  Probe x2  
  74  5:59  Gateway  
  74  6:00  Shield Battery  
  74  6:02  Gateway  
  76  6:09  Colossus (Chrono Boost)  
  76  6:10  Probe x2  
  78  6:15  Extended Thermal Lance (Chrono Boost)  
  84  6:22  Probe x2, Pylon  
  86  6:32  Pylon  
  86  6:34  Gateway  
  86  6:40  Probe x2  
  86  6:41  Twilight Council  
  86  6:43  Sentry  
  86  6:46  Disruptor (Chrono Boost)  
  90  6:52  Probe x2  
  95  6:56  Stalker, Zealot x2  
  95  6:58  Photon Cannon  
  101  7:03  Probe  
  101  7:05  Assimilator  
  101  7:06  Probe  
  101  7:07  Assimilator  
  101  7:09  Pylon  
  101  7:11  Probe, Forge  
  101  7:13  Observer  
  101  7:14  Colossus (Chrono Boost)  
  102  7:18  Charge (Chrono Boost)  
  108  7:23  Zealot  
  108  7:24  Zealot  
  108  7:26  Probe  
  113  7:39  Pylon  
  113  7:40  Pylon  
  113  7:42  Pylon, Protoss Ground Armor Level 1 (Chrono Boost)  
  113  7:46  Nexus  
  113  7:48  Probe  
  114  7:52  Disruptor (Chrono Boost), Zealot x2, Observer  
  114  7:55  Probe  
  122  8:00  Templar Archives  
  122  8:09  Zealot x4  
  122  8:11  Protoss Ground Weapons Level 2 (Chrono Boost)  
  129  8:17  Dark Shrine  
  129  8:19  Probe  
  130  8:26  Disruptor  
  133  8:27  Probe  
  133  8:32  Probe, Photon Cannon  
  133  8:33  Zealot x2  
  139  8:36  Gateway  
  139  8:39  Gateway  
  139  8:40  Robotics Facility  
  139  8:47  Pylon  
  139  8:49  Stalker  
  139  8:50  Stalker x2  
  145  8:59  Pylon x2, High Templar x2  
  149  9:06  Archon  
  149  9:08  Warp Prism  
  149  9:09  Blink (Chrono Boost)  
  151  9:12  Zealot  
  151  9:22  Zealot x3  
  147  9:32  Dark Templar  
  136  9:39  Dark Templar  
  136  9:44  Zealot x6  
  146  9:49  Disruptor x2  
  146  9:50  Pylon, Nexus  
  150  9:53  Protoss Ground Armor Level 2  
  138  10:08  Zealot x4  
  138  10:09  Zealot x2  
  144  10:20  Zealot  
  144  10:21  Zealot  
  118  10:24  Disruptor  
  94  10:30  Zealot x4  
  94  10:31  Zealot  
  96  10:38  Colossus (Chrono Boost)  
  96  10:39  Zealot  
  93  10:53  Zealot, High Templar x4  
  93  10:54  Zealot x2  
  107  10:58  Colossus (Chrono Boost)  
  107  10:59  Archon  
  107  11:00  Archon  
  113  11:05  Sentry  
  113  11:19  Dark Templar  
  113  11:21  Zealot x2  
  119  11:29  Immortal (Chrono Boost)  
  121  11:34  Nexus  
  121  11:37  Pylon, High Templar x2  
  119  11:42  Stalker x2  
  119  11:43  Archon  
  119  11:50  Dark Templar  
  119  11:51  Zealot x2  
  125  11:55  Probe  
  125  11:58  Probe  
  125  11:59  Probe  
  128  12:02  Zealot  
  128  12:04  Pylon  
  130  12:09  Probe  
  130  12:13  Zealot x3, Dark Templar  
  135  12:16  Stalker  
  135  12:21  Probe  
  136  12:25  Stalker x2  
  136  12:27  Probe  
  141  12:38  Pylon  
  141  12:40  Pylon  
  141  12:45  Disruptor x2  
  141  12:49  Probe  
  148  12:56  Stalker x3  
  154  13:02  Zealot, Dark Templar  
  158  13:12  Assimilator  
  158  13:15  Zealot  
  158  13:16  Zealot x2  
  158  13:17  Assimilator  
  164  13:24  Dark Templar x2  
  164  13:25  Zealot x2  
  146  13:38  Stalker x2  
Show
View Real Time Build Order
Export as new Build Order

Cuddlebear Terran 

Build Orders: Reaper Expand 

Get SALT Encoding   

  12  0:00  SCV  
  13  0:12  SCV  
  14  0:17  Supply Depot  
  14  0:24  SCV  
  15  0:38  SCV  
  15  0:39  Barracks  
  16  0:44  Refinery  
  16  0:50  SCV  
  17  1:02  SCV  
  18  1:15  SCV  
  19  1:27  Reaper, Orbital Command  
  20  1:46  Command Center  
  20  1:53  SCV  
  21  1:54  Supply Depot  
  21  1:59  Marine  
  21  2:00  Unknown  
  22  2:01  Unknown  
  22  2:02  Unknown  
  22  2:05  SCV  
  23  2:09  Factory  
  23  2:17  SCV  
  23  2:19  Refinery  
  23  2:20  Marine  
  25  2:29  SCV  
  26  2:40  Barracks Reactor  
  26  2:41  SCV  
  27  2:53  SCV  
  28  2:59  Command Center  
  28  3:00  Widow Mine  
  30  3:05  SCV  
  30  3:06  Orbital Command  
  30  3:16  Starport  
  30  3:20  Refinery, Marine x2  
  30  3:24  Factory Tech Lab  
  30  3:26  SCV  
  33  3:33  SCV  
  34  3:38  SCV  
  34  3:39  Marine x2  
  37  3:45  SCV  
  38  3:50  SCV  
  38  3:52  Refinery  
  39  3:57  SCV  
  39  4:02  SCV, Marine x2  
  42  4:08  Raven  
  46  4:10  SCV  
  46  4:15  SCV  
  46  4:16  Orbital Command  
  47  4:21  Marine x2  
  47  4:22  SCV, Barracks  
  50  4:26  Barracks  
  50  4:27  SCV  
  51  4:34  SCV, Bunker  
  52  4:39  SCV, Marine x2, Factory Tech Lab  
  52  4:43  SCV  
  56  4:46  SCV  
  56  4:51  SCV  
  58  4:55  SCV  
  58  4:58  SCV, Barracks  
  58  4:59  Barracks  
  60  5:01  Refinery  
  60  5:03  SCV, Starport Reactor  
  61  5:08  SCV, Marine x2, Siege Tank  
  61  5:10  SCV  
  68  5:15  SCV  
  68  5:16  Barracks Tech Lab  
  69  5:21  Engineering Bay  
  69  5:26  Supply Depot  
  69  5:27  Supply Depot, Stimpack  
  69  5:33  Supply Depot  
  69  5:37  Supply Depot  
  69  5:46  Marine x2  
  69  5:47  Marine  
  69  5:48  SCV x3, Medivac x2, Barracks Tech Lab  
  69  5:49  Marauder  
  79  5:53  Terran Infantry Weapons Level 1  
  79  5:56  Barracks Reactor  
  79  5:59  Supply Depot  
  79  6:00  SCV x2, Combat Shield, Orbital Command  
  82  6:07  Missile Turret  
  82  6:09  Marauder, Marine  
  84  6:12  SCV, Siege Tank  
  84  6:15  Marine  
  87  6:18  Missile Turret  
  87  6:19  Medivac  
  87  6:23  Medivac  
  87  6:24  Marine  
  93  6:25  SCV  
  93  6:27  SCV  
  93  6:28  SCV  
  93  6:30  Marine  
  96  6:36  Marine  
  96  6:37  SCV  
  96  6:38  Missile Turret  
  96  6:39  SCV, Marauder  
  101  6:44  SCV  
  101  6:45  Supply Depot  
  102  6:49  SCV, Marine x2  
  102  6:50  Marauder  
  102  6:51  Concussive Shells, Marine  
  102  6:52  SCV  
  109  6:55  Supply Depot  
  109  7:07  Marine x3  
  112  7:10  Marine  
  112  7:11  SCV x2, Marauder  
  117  7:15  Supply Depot, Marine  
  117  7:16  SCV, Supply Depot, Siege Tank  
  117  7:18  Supply Depot, Refinery  
  117  7:19  Supply Depot  
  117  7:21  Marine  
  123  7:24  Medivac  
  123  7:25  Medivac, Marauder x2  
  123  7:29  Marine  
  132  7:36  Marine  
  133  7:37  Marauder, Marine  
  133  7:40  Marine  
  137  7:46  Supply Depot, Marauder, Marine  
  137  7:47  Supply Depot, Marine  
  141  7:53  Supply Depot  
  141  7:54  Marine  
  141  7:55  Marine  
  143  7:58  Viking, Marine  
  143  7:59  Viking, Marauder, Siege Tank  
  153  8:10  Marauder, Marine  
  153  8:12  Marauder, Marine  
  153  8:15  Marine  
  153  8:18  Ghost Academy, Terran Infantry Armor Level 1  
  154  8:20  Marauder  
  154  8:21  Marine  
  156  8:27  Marine  
  156  8:30  Missile Turret, Marine  
  156  8:32  Marauder  
  156  8:34  Marauder, Marine  
  162  8:38  Viking x2  
  167  8:41  Marauder  
  167  8:42  Siege Tank  
  167  8:44  Marine  
  173  8:50  Marine  
  173  8:53  Marauder  
  173  8:54  Marine  
  173  8:55  Marauder  
  179  8:57  Enhanced Shockwaves, Supply Depot  
  179  9:02  Marine  
  179  9:03  Marauder  
  179  9:05  Supply Depot  
  182  9:13  Marine  
  182  9:14  Marauder  
  183  9:22  Marine  
  183  9:23  Marauder, Marine  
  183  9:24  Marauder, Marine  
  187  9:31  Viking x2, Marine  
  183  9:32  Siege Tank  
  183  9:36  Marauder  
  171  9:40  Marine x2  
  171  9:43  SCV  
  171  9:44  SCV, Marauder  
  171  9:46  SCV, Marauder  
  174  9:56  SCV x2  
  174  9:57  Marine  
  174  9:58  SCV, Marauder  
  180  10:06  Marauder, Marine  
  169  10:08  Marine  
  169  10:09  Marauder  
  164  10:15  Marine  
  164  10:17  Marine  
  164  10:19  Marauder  
  136  10:23  Marine  
  136  10:26  Marine  
  136  10:28  Marauder  
  111  10:30  Marauder  
  111  10:32  SCV x2  
  111  10:33  Marine  
  111  10:34  Marine  
  101  10:36  SCV  
  101  10:40  Marauder  
  99  10:49  Marauder  
  98  10:51  Marauder  
  98  10:55  Marine  
  98  10:56  SCV x2, Marine  
  98  10:57  SCV  
  100  11:02  Marauder  
  100  11:03  Marine  
  103  11:07  Armory  
  103  11:08  SCV x2  
  103  11:09  Siege Tank  
  103  11:10  Marauder  
  110  11:12  Armory  
  110  11:13  Marauder  
  110  11:16  Marine  
  110  11:18  SCV  
  114  11:20  Liberator  
  114  11:23  Marauder  
  114  11:24  Liberator  
  122  11:27  Marine  
  123  11:33  Marine  
  123  11:35  Marine  
  122  11:40  Marine  
  122  11:43  Marine  
  124  11:48  Marine  
  124  11:52  Marine x2  
  124  11:54  Ghost, Marine  
  127  12:00  Ghost  
  132  12:02  Marine  
  132  12:03  Medivac  
  132  12:06  Marine  
  132  12:07  Medivac  
  137  12:10  Ghost, Marine  
  137  12:12  Marine  
  136  12:19  SCV x2  
  136  12:20  Marine  
  126  12:26  Marine  
  126  12:27  SCV  
  126  12:29  Ghost  
  123  12:30  Marine  
  123  12:31  SCV x2  
  126  12:38  Ghost  
  126  12:39  SCV  
  126  12:43  Viking, SCV  
  131  12:55  Marine x2  
  131  12:56  Refinery  
  133  13:00  Orbital Command  
  133  13:01  Marine  
  133  13:03  Missile Turret  
  132  13:07  Marine x2  
  132  13:08  Marine  
  132  13:11  Marine  
  135  13:24  Missile Turret  

Tags
 
Add a new tag
Caveats
  • Supply blocks, unpowered buildings, or Contaminate may cause inaccurate times.
  • Supply counts are checked every 10 seconds.